 Dungeon Crawl Stone Soup version 0.18.1-50-g88ac8fd (webtiles) character file.

110 jerryfan the Conjurer (level 4, -2/33 HPs)
             Began as a Draconian Conjurer on Sept 30, 2016.
             Slain by an adder (5 damage)
             ... on level 3 of the Dungeon on Oct 1, 2016.
             The game lasted 00:14:46 (2345 turns).

jerryfan the Conjurer (Draconian Conjurer)          Turns: 2345, Time: 00:14:46

Health: -2/33      AC:  6    Str: 10    XL:     4   Next: 61%
Magic:  0/8        EV: 18    Int: 17    God:
Gold:   125        SH:  0    Dex: 16    Spells: 2 memorised, 4 levels left

rFire  . . .     SeeInvis .     q - +1 dagger (venom)
rCold  . . .     Gourm    .     (armour unavailable)
rNeg   . . .     Faith    .     (no shield)
rPois  .         Spirit   .     (helmet restricted)
rElec  .         Dismiss  .     (no cloak)
rCorr  .         Reflect  .     (no gloves)
SustAt .         Harm     .     u - +0 pair of boots
MR     .....                    (no amulet)
Stlth  +++.......               (no ring)
                                (no ring)

@: agile, hasted, very quick, not resistant to hostile enchantments, fairly
stealthy
A: unfitting armour, cold-blooded, AC +5
a: no special abilities


You were on level 3 of the Dungeon.
You were hungry.

You visited 1 branch of the dungeon, and saw 3 of its levels.

You collected 125 gold pieces.

Inventory:

Hand Weapons
 c - a +0 short sword of speed
 e - a +0 short sword
 f - a +0 dagger
 i - a +1 whip of venom
 q - a +1 dagger of venom (weapon)
Missiles
 m - 62 stones (quivered)
Armour
 u - a +0 pair of boots (worn)
Scrolls
 d - a scroll of enchant armour {unknown}
 h - a scroll of identify {unknown}
 k - a scroll of remove curse
 n - a scroll of teleportation
 o - a scroll of recharging {unknown}
 t - a scroll of amnesia {unknown}
Potions
 g - a potion of resistance {unknown}
 l - a potion of might {unknown}
 w - a potion of ambrosia {unknown}
Books
 a - a book of Conjurations

   Spells                             Type                      Level
   a - Magic Dart                     Conjuration                  1
   b - Searing Ray                    Conjuration                  2
   c - Dazzling Spray                 Conjuration/Hexes            3
   d - Fulminant Prism                Conjuration/Hexes            4
   e - Iskenderun's Mystic Blast      Conjuration                  4
   f - Iskenderun's Battlesphere      Conjuration/Charms           5
Comestibles
 b - 2 bread rations
 j - a meat ration
 p - 2 beef jerkies


   Skills:
 + Level 0.2 Fighting
 + Level 0.8 Short Blades
 + Level 2.4 Dodging
 + Level 2.0 Stealth
 + Level 2.7 Spellcasting
 + Level 5.0 Conjurations


You had 4 spell levels left.
You knew the following spells:

 Your Spells              Type           Power        Failure   Level  Hunger
a - Magic Dart            Conj           ###.         2%          1    #......
b - Dazzling Spray        Conj/Hex       ##....       21%         3    ###....


Dungeon Overview and Level Annotations

Branches:
Dungeon (3/15)

Altars:
Ashenzari
Makhleb
Qazlal


Innate Abilities, Weirdness & Mutations

Your plain brown scales are hard (AC +5).
Your body does not fit into most forms of armour.
You are cold-blooded and may be slowed by cold attacks.


Message History

The ball python constricts you. The orc wizard hits you with a dagger.
* * * LOW HITPOINT WARNING * * *
You escape the ball python's grasp.
Your surroundings suddenly seem different.
A giant newt and an adder come into view.
Casting: Magic Dart
Confirm with . or Enter, or press ? or * to list all spells.
You don't know that spell.
Unknown command.
Casting: Magic Dart
Confirm with . or Enter, or press ? or * to list all spells.
Aiming: Magic Dart
Press: ? - help, Shift-Dir - straight line, f - adder
Aim: an adder The magic dart hits the adder.
The adder is lightly wounded.
Drink which item? (? for menu, Esc to quit)
It was a potion of haste.
You feel yourself speed up. The adder barely misses you. The adder bites you.
You die...

#.l......# #........#
#........# ##..S.....#
#........# #.......... .
#........###...oo.....
...#.......$..>.>..).....
............###..........
#........# #...)..?...
..#####S#### ##.........
.......@# ........#.
........# ..########.
......... ........##
......... #...#...#
###.##... . ....


You could see an adder.

Vanquished Creatures
  5 adders (D:2)
  2 oozes (D:2)
  2 dart slugs
  A giant gecko (D:2)
  2 orcs (D:3)
  5 giant cockroaches
  4 goblins
  5 hobgoblins
  4 jackals (D:2)
  6 bats
  4 giant newts
  6 kobolds
  5 rats
51 creatures vanquished.

Notes
Turn   | Place    | Note
--------------------------------------------------------------
     0 | D:1      | jerryfan the Draconian Conjurer began the quest for the Orb.
     0 | D:1      | Reached XP level 1. HP: 14/14 MP: 3/3
   176 | D:1      | Reached XP level 2. HP: 10/20 MP: 0/5
  1289 | D:2      | Found a stormy altar of Qazlal.
  1323 | D:2      | Reached XP level 3. HP: 26/26 MP: 6/6
  1594 | D:2      | Reached XP level 4. HP: 23/33 MP: 3/7
  1791 | D:2      | Learned a level 3 spell: Dazzling Spray
  1980 | D:2      | Reached skill level 5 in Conjurations
  2120 | D:2      | Found a shattered altar of Ashenzari.
  2122 | D:2      | Found a burning altar of Makhleb.
  2345 | D:3      | Slain by an adder

Skill      XL: |  1  2  3  4 |
---------------+-------------+-----
Dodging        | 2 |  2.4
Stealth        | 2 |  2.0
Conjurations   | 5 |  5.0
Fighting       | |  0.2
Short Blades   | |  0.8
Spellcasting   | |  2.7

Action                   |  1- 3 |  4- 6 || total
-------------------------+-------+-------++-------
Melee: Short sword       |    47 |       ||    47
       Unarmed           |     6 |       ||     6
       Tailslap          |    11 |     2 ||    13
       Dagger            |    30 |    19 ||    49
 Cast: Magic Dart        |    44 |    14 ||    58
       Dazzling Spray    |       |     5 ||     5
  Use: Scroll            |     2 |     1 ||     3
       Potion            |       |     2 ||     2
 Stab: Invisible         |       |     1 ||     1
  Eat: Chunk             |     3 |     2 ||     5
Armor: Skin              |    26 |    10 ||    36
Dodge: Dodged            |    61 |    23 ||    84
